AoeStats
← benoitmartin.v

Arena

505421184Analyzed
1v1 RM · 22d ago on Sep 9, 2026· 48m 50s· 2 players
Game mode
Random Map
Map size
Tiny (2 player)
Population
200
Speed
Normal
Resources
Standard
Victory
Conquest
Starting age
Dark Age
Ending age
Imperial Age
RankedLock teamsTeams togetherTeam positionsShared explorationLock speedFull tech treeHidden civsTurbo modeCheats
Victory
Defeat
🇹🇼 Persians · Taiwan
526
+18
🇫🇷 Teutons · France
574
-18
黃金
11:00 Feudal Age
14:44 Castle Age
12:37 Double-Bit Axe
12:54 Horse Collar
15:30 Bow Saw
19:46 Loom
19:48 Town Watch
26:37 Bloodlines
26:28 Husbandry
29:00 Wheelbarrow
28:26 Town Patrol
28:54 Fervor
32:26 Imperial Age
30:12 Hand Cart
30:20 Scale Barding Armor
30:25 Forging
30:40 Gold Mining
30:40 Stone Mining
32:00 Gold Shaft Mining
33:00 Chain Barding Armor
33:15 Iron Casting
32:02 Cavalier
33:08 Conscription
34:09 Stone Shaft Mining
33:23 Savar
34:33 Ballistics
34:09 Murder Holes
36:11 Chemistry
35:31 Devotion
36:21 Plate Barding Armor
36:46 Blast Furnace
36:55 Blast Furnace
35:48 Fletching
36:21 Kamandaran
36:47 Masonry
37:32 Citadels
39:49 Two-Man Saw
38:53 Heavy Plow
39:54 Faith
39:30 Herbal Medicine
40:07 Bodkin Arrow
40:44 Architecture
40:27 Guilds
41:28 Hoardings
41:51 Parthian Tactics
41:31 Thumb Ring
41:29 Padded Archer Armor
42:45 Sappers
43:16 Kamandaran
43:34 Light Cavalry
43:34 Heavy Camel Rider
45:02 Elite War Elephant
45:15 Heavy Cavalry Archer
46:11 Leather Archer Armor
45:59 Scale Mail Armor
45:21 Pikeman
45:47 Gambesons
46:02 Squires
45:47 Arson
benoitmartin.v
12:20 Feudal Age
17:09 Castle Age
15:16 Double-Bit Axe
18:06 Bow Saw
22:48 Wheelbarrow
27:09 Hand Cart
27:55 Pikeman
28:36 Squires
28:41 Town Watch
36:29 Imperial Age
37:47 Halberdier
40:29 Crossbowman
41:55 Horse Collar
44:13 Chemistry
43:28 Scale Mail Armor
43:28 Padded Archer Armor
Connection lost

Rejoining the realm…

Still unreachable

The connection could not be restored.

Session expired

The server has moved on; the page needs a fresh start.